 Dungeon Crawl Stone Soup version 0.31-a0-188-g5e087ee2ca (webtiles) character file.

Game seed: 14623459045322699002

130 qw the Skirmisher (level 4, -3/25 HPs)
             Began as a Deep Elf Hunter on June 22, 2023.
             Killed from afar by Sigmund (8 damage)
             ... with a puff of flame
             ... on level 2 of the Dungeon.
             The game lasted 00:00:28 (1339 turns).

qw the Skirmisher (Deep Elf Hunter)                 Turns: 1339, Time: 00:00:28

Health: -3/25      AC:  3    Str: 10    XL:     4   Next: 90%
Magic:  6/6        EV: 12    Int: 14    God:
Gold:   129        SH:  0    Dex: 18    Spells: 3/3 levels left

rFire   . . .        Y - +1 shortbow
rCold   . . .        (shield currently unavailable)
rNeg    . . .        c - +0 leather armour
rPois   .            (no helmet)
rElec   .            (no cloak)
rCorr   .            (no gloves)
SInv    .            (no boots)
Will    .....        (no amulet)
Stlth   ++           (no ring)
HPRegen 0.24/turn    (no ring)
MPRegen 0.10/turn

%: no passive effects
@: no status effects
A: no striking features
a: no special abilities


You were on level 2 of the Dungeon.
You visited 1 branch of the dungeon, and saw 2 of its levels.

You collected 129 gold pieces.


   Skills:
 - Level 1.5 Fighting
 + Level 8.3 Ranged Weapons
 - Level 2.4 Dodging
 - Level 1.2 Stealth


You had 3 spell levels left.
You didn't know any spells.
Your spell library was empty.

Inventory:

Hand Weapons
 Y - a +1 shortbow (weapon)
Armour
 c - a +0 leather armour (worn)
 e - a +0 ring mail
 f - a +0 helmet
Scrolls
 a - 2 scrolls of identify
Potions
 b - a potion of degeneration {unknown}
 d - a potion of might
 i - a potion of lignification {unknown}
 j - a potion of heal wounds {unknown}

Dungeon Overview and Level Annotations

Branches:
Dungeon (2/15)

Altars:

Annotations:
D:2 Sigmund


Message History

HP restored.
There is a stone staircase leading up here.
Sigmund the Dreaded comes into view.
He is wielding a +0 scythe.
Sigmund shouts!
Sigmund drinks a potion.
Sigmund seems to grow stronger.
Enter note:
Enter note:
Enter note:
Enter note:
Enter note:
Enter note: You shoot an arrow.
The arrow closely misses Sigmund.
Sigmund misses you.
You shoot an arrow. The arrow hits Sigmund.
Sigmund is lightly wounded.
You shoot an arrow. The arrow hits Sigmund.
Sigmund is moderately wounded.
Sigmund hits you from afar with a +0 scythe!
Ouch! That really hurt!
Enter note:
Enter note:
Enter note:
Enter note:
Enter note:
Enter note:
Enter note:
Enter note:
1334 ||| UPGRADING to +0 ring mail.
Sigmund hits you from afar with a +0 scythe!
You stop removing your armour.
1335 ||| UPGRADING to +0 ring mail.
You start removing your armour.
You continue taking off your +0 leather armour.
Sigmund closely misses you.
You continue taking off your +0 leather armour.
Sigmund barely misses you.
You continue taking off your +0 leather armour. x2
Sigmund points at you and mumbles some strange words.
The puff of flame hits you!
You die...

#.####
##.#.#######.# #.#
#.#.# #.#
#.###########.#.#
#.##
#....<..........#
#..#
#########.####..#
#..# #.# #..# #..#
#.# #..#######..#
#.# #...........#
#@# #.####.......
.....@.......#
#####...
.#####........#
#...
#(#####..#######..)
#. #..........%. #.
#.########... #. #.
#.## #. #.##
.########...


You could see Sigmund (strong).

Vanquished Creatures
  Natasha (thrice) (D:2)
  A gnoll (D:1)
  An adder (D:2)
  A worm (D:2)
  2 dart slugs (D:2)
  5 ball pythons
  2 endoplasms
  2 giant cockroaches
  2 goblins
  4 hobgoblins
  2 bats
  3 frilled lizards (D:1)
  5 kobolds
  2 rats
35 creatures vanquished.

Notes
Turn   | Place    | Note
-------+----------+-------------------------------------------
     0 | D:1      | qw the Deep Elf Hunter began the quest for the Orb.
     0 | D:1      | Reached XP level 1. HP: 12/12 MP: 3/3
     0 | D:1      | 0 ||| qw: Version: 0.3-a-9-g12657ce
     0 | D:1      | 0 ||| qw: Game counter: 2860
     0 | D:1      | 0 ||| qw: Always use a shield: true
     0 | D:1      | 0 ||| qw: God list: Okawaru
     0 | D:1      | 0 ||| qw: Allow faded altars: false
     0 | D:1      | 0 ||| qw: Do Orc after D:15 true
     0 | D:1      | 0 ||| qw: Do second Lair branch before Depths: true
     0 | D:1      | 0 ||| qw: Lair rune preference: random
     0 | D:1      | 0 ||| qw: Plans: Normal
     0 | D:1      | 0 ||| PLANNING D:1-11
   201 | D:1      | Reached XP level 2. HP: 13/16 MP: 4/4
   218 | D:1      | Reached skill level 6 in Ranged Weapons
   710 | D:1      | 710 ||| READING scroll labelled PYOXTO PUFOEL.
   711 | D:1      | 711 ||| READING 2 scrolls labelled KYGIBO BUCH.
   712 | D:1      | 712 ||| READING scroll labelled GEFUZA TEUQ.
   715 | D:1      | 715 ||| READING scroll labelled QEARRA ZEOHUAR.
   716 | D:1      | 716 ||| READING scroll labelled ZIOHOALECE.
   717 | D:1      | 717 ||| READING 3 scrolls labelled ATOMAO GAMULE.
   718 | D:1      | 718 ||| READING scroll labelled ILUDO KIOBAXA.
   719 | D:1      | 719 ||| DROPPING scroll of butterflies.
   720 | D:1      | 720 ||| DROPPING scroll of revelation.
   721 | D:1      | 721 ||| DROPPING 2 scrolls of vulnerability.
   786 | D:2      | Reached XP level 3. HP: 16/20 MP: 5/5
   823 | D:2      | Noticed Natasha
   827 | D:2      | 827 ||| Stepping ~*~*~tactically~*~*~ (outnumbered).
   829 | D:2      | 829 ||| Stepping ~*~*~tactically~*~*~ (outnumbered).
   830 | D:2      | Killed Natasha
   831 | D:2      | Reached skill level 7 in Ranged Weapons
   917 | D:2      | Reached XP level 4. HP: 25/25 MP: 6/6
   999 | D:2      | Noticed Natasha
  1002 | D:2      | Killed Natasha
  1118 | D:2      | Noticed Natasha
  1124 | D:2      | Killed Natasha
  1125 | D:2      | Reached skill level 8 in Ranged Weapons
  1330 | D:2      | Noticed Sigmund
  1334 | D:2      | 1334 ||| UPGRADING to +0 ring mail.
  1334 | D:2      | HP: 3/25 [Sigmund/+0 scythe (9)]
  1335 | D:2      | 1335 ||| UPGRADING to +0 ring mail.
  1339 | D:2      | Killed from afar by Sigmund

Levels and vault maps discovered:
D:1:      lightli_arrival_maybe_door_vault, layout_basic, nicolae_grassy_gnolls
D:2:      layout_loops_ring, uniq_natasha, uniq_sigmund

Skill      XL: |  1  2  3  4 |
---------------+-------------+-----
Ranged Weapons | 6 7 8 |  8.3
Fighting       | |  1.5
Dodging        | |  2.4
Stealth        | |  1.2

Action                     |  1- 3 |  4- 6 || total
---------------------------+-------+-------++-------
   Fire: Shortbow          |    72 |    24 ||    96
    Use: Scroll            |     7 |       ||     7
 Armour: Leather armour    |     5 |     1 ||     6
  Dodge: Dodged            |    18 |     4 ||    22

Table legend:
 A = Non-vault XP
 B = Vault XP
 C = Vault XP percentage of total XP
 D = Non-vault monster count
 E = Vault monster count
 F = Vault count percentage of total count
                 A         B        C        D         E       F
            +---------+---------+-------+---------+---------+-------
      Total |     138 |      49 |  26.2 |      33 |       2 |   5.7
            +---------+---------+-------+---------+---------+-------
        D:1 |      23 |      14 |  37.8 |      15 |       1 |   6.2
        D:2 |     115 |      35 |  23.3 |      18 |       1 |   5.3
            +---------+---------+-------+---------+---------+-------
